 Dungeon Crawl Stone Soup version 0.22-a0-580-gd5db89c (webtiles) character file.

64 sking99 the Firebug (level 4, -2/42 HPs)
             Began as an Ogre Fire Elementalist on July 2, 2018.
             Slain by an orc warrior
             ... wielding a +0 short sword of draining
              (6 damage)
             ... on level 2 of the Dungeon.
             The game lasted 00:03:38 (1539 turns).

sking99 the Firebug (Ogre Fire Elementalist)        Turns: 1539, Time: 00:03:39

Health: -2/42      AC:  3    Str: 12    XL:     4   Next: 12%
Magic:  2/8        EV: 10    Int: 17    God:
Gold:   59         SH:  0    Dex:  9    Spells: 3/9 levels left

rFire    . . .     SeeInvis .   f - +0 club (curse)
rCold    . . .     Gourm    .   (no shield)
rNeg     . . .     Faith    .   a - +0 robe
rPois    .         Spirit   .   (helmet restricted)
rElec    .         Reflect  .   (no cloak)
rCorr    .         Harm     .   (gloves unavailable)
MR       .....                  (boots unavailable)
Stlth    +.........             (no amulet)
HPRegen  0.14/turn              (no ring)
MPRegen  0.11/turn              (no ring)

@: no status effects
A: large, unfitting armour, tough skin 1
a: no special abilities


You were on level 2 of the Dungeon.
You were very hungry.

You visited 1 branch of the dungeon, and saw 2 of its levels.

You collected 59 gold pieces.

Inventory:

Hand Weapons
 f - a cursed +0 club (weapon)
 k - a +0 dagger
Armour
 a - a +0 robe (worn)
Scrolls
 b - 2 scrolls of enchant weapon {unknown}
 g - 3 scrolls of identify {unknown}
 l - a scroll of remove curse {unknown}
Potions
 d - 2 potions of haste {unknown}
 e - a potion of curing {unknown}
 h - a potion of mutation {unknown}
 i - a potion of ambrosia {unknown}
Comestibles
 c - 4 rations


   Skills:
 + Level 1.6 Fighting
 - Level 1.7 Dodging
 - Level 1.4 Stealth
 + Level 3.0 Spellcasting
 * Level 2.0 Conjurations
 * Level 3.3 Fire Magic


You had 3 spell levels left.
You knew the following spells:

 Your Spells              Type           Power        Failure   Level  Hunger
a - Flame Tongue          Conj/Fire      ##...        6%          1    None
b - Throw Flame           Conj/Fire      ##....       9%          2    ##.....
c - Conjure Flame         Conj/Fire      ##......     17%         3    ###....

Your spell library contained the following spells:

 Spells                   Type           Power        Failure   Level  Hunger
 Fireball                 Conj/Fire      ##........   85%         5    ######.
 Sticky Flame             Conj/Fire      ##......     50%         4    ####...
 Inner Flame              Hex/Fire       #.......     26%         3    ###....


Dungeon Overview and Level Annotations

Branches:
Dungeon (2/15)

Altars:


Innate Abilities, Weirdness & Mutations

You are too large for most types of armour.
You have tough skin. (AC +1)


Message History

Press: ? - help, Shift-Dir - straight line, f/p - orc priest
Aim: an orc priest, wielding a trident (severely wounded)
The flame tongue hits the orc priest.
The orc priest is severely wounded.
The orc priest invokes the aid of Beogh against you.
Pain shoots through your body!
* * * LOW HITPOINT WARNING * * *
The orc warrior completely misses you.
The orc wizard mumbles some strange words.
The orc wizard flickers and vanishes!
Unknown command.
Casting: Flame Tongue (safe; 6% risk of failure)
Confirm with . or Enter, or press ? or * to list all spells.
Aiming: Flame Tongue (safe; 6% risk of failure)
Press: ? - help, Shift-Dir - straight line, f/p - orc priest
Aim: an orc priest, wielding a trident (severely wounded)
The flame tongue misses the orc priest.
The orc priest miscasts a cantrip.
The orc warrior hits you with a short sword of draining.
You die...

#.########.# #.#
#.###########
#o#
#...(..)....#
#.#
#.....#####.#
#o# #.###.# #.#
#.# #.# #.# #.#
#.# #o# #.# #.#
#)# #.# #o# #.#
#o.
######.###@###
#.# ##.
#........o...#
#.#
.##.####.###.#.#
#.# .. ...#
#..#.##.# .#
#####
#.###.#.###.#
(## #...##.# #
#.#..##.#
#.##..##.# #.#
#..##.#


You could see an orc warrior and an orc priest.

Vanquished Creatures
  3 adders (D:2)
  A dart slug (D:1)
  2 leopard geckos (D:1)
  An orc (D:2)
  4 bats (D:1)
  6 goblins (D:1)
  4 hobgoblins
  4 jackals (D:1)
  A ball python (D:2)
  A kobold (D:1)
  A rat (D:1)
28 creatures vanquished.

Notes
Turn   | Place    | Note
-------+----------+-------------------------------------------
     0 | D:1      | sking99 the Ogre Fire Elementalist began the quest for the Orb.
     0 | D:1      | Reached XP level 1. HP: 16/16 MP: 3/3
    16 | D:1      | Reached skill level 1 in Conjurations
   195 | D:1      | Reached XP level 2. HP: 26/26 MP: 3/5
   737 | D:1      | Reached skill level 1 in Fighting
   937 | D:1      | Reached XP level 3. HP: 33/33 MP: 2/7
  1275 | D:2      | Learned a level 2 spell: Throw Flame
  1279 | D:2      | Learned a level 3 spell: Conjure Flame
  1488 | D:2      | Noticed an orc warrior
  1491 | D:2      | Reached XP level 4. HP: 42/42 MP: 3/8
  1539 | D:2      | Slain by an orc warrior

Vault maps used:
D:1:      ncdulo_wetmaze
D:2:      lemuel_doored_altar, first_ration, uniq_crazy_yiuf_cottage

Skill      XL: |  1  2  3 |
---------------+----------+-----
Conjurations   | 1 2 |  2.0
Fighting       | 1 |  1.6
Fire Magic     | 3 |  3.3
Spellcasting   | 3 |  3.0
Dodging        | |  1.7
Stealth        | |  1.4

Action                   |  1- 3 |  4- 6 || total
-------------------------+-------+-------++-------
Melee: Club              |    14 |       ||    14
 Cast: Flame Tongue      |    46 |     7 ||    53
       Throw Flame       |     4 |       ||     4
  Eat: Chunk             |     1 |       ||     1
Armor: Robe              |    18 |       ||    18
Dodge: Dodged            |    20 |     3 ||    23

Table legend:
 A = Spawn XP
 B = Non-spawn XP
 C = Spawn XP percentage of total XP
 D = Spawn monster count
 E = Non-spawn monster count
 F = Spawn count percentage of total count
 G = Total turns spent on level
                    A         B        C        D         E        F      G
               +---------+---------+-------+---------+---------+-------+---------
         Total |       0 |      92 |   0.0 |       0 |      28 |   0.0 |  1539
               +---------+---------+-------+---------+---------+-------+---------
           D:1 |       0 |      44 |   0.0 |       0 |      21 |   0.0 |  1240
           D:2 |       0 |      48 |   0.0 |       0 |       7 |   0.0 |   299
               +---------+---------+-------+---------+---------+-------+---------
